 Dungeon Crawl Stone Soup version 0.13-a0-2244-g236abbe (webtiles) character file.

81 Bruce the Grave Robber (level 2, 0/15 HPs)
             Began as a Deep Elf Necromancer on July 5, 2013.
             Succumbed to poison (a potion of poison)
             ... on Level 2 of the Dungeon.
             The game lasted 00:02:37 (815 turns).

Bruce the Grave Robber (Deep Elf Necromancer)        Turns: 815, Time: 00:02:37

HP   0/15        AC  4     Str 10      XL: 2   Next: 62%
MP   1/7         EV 13     Int 19      God:
Gold 60          SH  0     Dex 15      Spells:  2 memorised,  3 levels left

Res.Fire  : . . .   See Invis. : .   f - +1 dagger
Res.Cold  : + . .   Warding    : .   a - +0 elf robe
Life Prot.: . . .   Conserve   : .   (no shield)
Res.Poison: .       Res.Corr.  : .   (no helmet)
Res.Elec. : .       Clarity    : .   (no cloak)
Sust.Abil.: . .     Spirit.Shd : .   (no gloves)
Res.Mut.  : .       Rnd.Telep. : +   m - +1 pair of dwarf boots
Res.Rott. : .       Flight     : .   (no amulet)
Saprovore : . . .                    l - cursed ring of teleportation
                                     k - ring of protection from cold {unknown}

@: mighty, quite poisoned, not resistant to hostile enchantments, fairly
stealthy
A: no striking features
a: Evoke Teleportation


You were on level 2 of the Dungeon.
You were not hungry.

You visited 1 branch of the dungeon, and saw 2 of its levels.

You collected 40 gold pieces.

Inventory:

Hand weapons
 e - a +0,+0 club
 f - a +1,+1 dagger (weapon)
Missiles
 d - 10 stones (quivered)
Armour
 a - a +0 elven robe (worn)
 m - a +1 pair of dwarven boots (worn)
Comestibles
 c - a bread ration
 i - a choko
Scrolls
 g - a scroll of identify {unknown}
 j - a scroll of amnesia {unknown}
Jewellery
 k - a ring of protection from cold (left hand) {unknown}
 l - a cursed ring of teleportation (right hand)
Potions
 h - a potion of might
Books
 b - a book of Necromancy

   Spells                             Type                      Level
   *Pain                              Necromancy                   1
   *Animate Skeleton                  Necromancy                   1
   Lethal Infusion                    Charms/Necromancy            2
   Vampiric Draining                  Necromancy                   3
   Regeneration                       Charms/Necromancy            3
   Animate Dead                       Necromancy                   4
   Control Undead                     Necromancy                   4


   Skills:
 + Level 0.4 Fighting
 - Level 2.4 Dodging
 - Level 2.4 Stealth
 + Level 2.4 Spellcasting
 * Level 5.3 Necromancy


You had 3 spell levels left.
You knew the following spells:

 Your Spells              Type           Power        Failure   Level  Hunger
a - Pain                  Necr           ###.         1%          1    #......
b - Animate Skeleton      Necr           N/A          1%          1    #......


Dungeon Overview and Level Annotations

Branches:
Dungeon (2/27)

Altars:


Message History

The adder struggles to resist.
The adder bites you.
* * * LOW HITPOINT WARNING * * *
You are poisoned.
The adder poisons you!
Casting: Pain
Confirm with . or Enter, or press ? or * to list all spells.
Aiming: Pain
Press: ? - help, Shift-Dir - straight line, f/p - adder
Aim: an adder (severely wounded)
The adder convulses in agony!
* * * LOW HITPOINT WARNING * * *
You feel sick. The adder closely misses you. The adder closely misses you.
Unknown command.
Drink which item? (? for menu, Esc to quit)
You feel very mighty all of a sudden.
It was a potion of might.
The adder barely misses you.
Drink which item? (? for menu, Esc to quit)
That liquid tasted very nasty...
You are more poisoned.
It was a potion of poison.
You die...

#..# ####.######
#.........#
#.........# .
#.........# ...
#.........# ....
#.........#### .....
#............##.......
#........>##.@S.......
.........#####.......
........# .....
.......# #### #######


You could see an adder.

Vanquished Creatures
  An ooze (D:1)
  A bat (D:2)
  2 goblins (D:1)
  5 hobgoblins
  A kobold (D:1)
  4 giant cockroaches
  2 rats (D:1)
16 creatures vanquished.

Vanquished Creatures (collateral kills)
  A rat (D:1)
1 creature vanquished.

Grand Total: 17 creatures vanquished

Notes
Turn   | Place    | Note
--------------------------------------------------------------
     0 | D:1      | Bruce, the Deep Elf Necromancer, began the quest for the Orb.
     0 | D:1      | Reached XP level 1. HP: 10/10 MP: 4/4
    42 | D:1      | Reached skill level 5 in Necromancy
   121 | D:1      | Learned a level 1 spell: Animate Skeleton
   272 | D:1      | Reached XP level 2. HP: 1/15 MP: 1/7
   815 | D:2      | Succumbed to poison (a potion of poison)

Action                   || total
-------------------------++-------
Melee: Club              ||     4
Throw: Stone             ||     3
 Cast: Pain              ||    39
       Animate Skeleton  ||     5
  Use: Scroll            ||     2
       Potion            ||     2
